[Event "Team 45 45 League T44"]
[Site "Internet Chess Club"]
[Date "2010.03.01"]
[Round "4"]
[White "firesign"]
[Black "TheronUAL"]
[Result "1-0"]
[WhiteElo "1376"]
[BlackElo "1467"]
[Opening "Caro-Kann: Steinitz variation"]
[ECO "B17"]
[Time "12:03:07"]
[TimeControl "2700+45"]

1. e4 c6 2. d4 d5 3. Nc3 dxe4 4. Nxe4 Nd7 5. Nf3 Ngf6 6. Bd3 Nxe4 7. Bxe4 Nf6 8.
Bd3 Bg4 9. c3 e6 10. O-O Bd6 11. h3 Bh5 12. Re1 Qc7 13. b3 Nd5 14. Bb2 Nf4 15.
Be4 O-O-O 16. a3 g5 17. Bc1 g4 18. hxg4 Bxg4 19. Bxf4 Bxf4 20. Bd3 h5 21. Be2 h4
22. Ne5 Bxe2 23. Qxe2 Kb8 24. Qf3 Bxe5 25. Rxe5 Rdg8 26. Rh5 Qe7 27. Rxh8 Rxh8
28. a4 h3 29. gxh3 f5 30. a5 Qg5+ 31. Kh2 a6 32. Qg3+ Qxg3+ 33. fxg3 Kc7 34. Kg2
Kd6 35. Re1 Re8 36. c4 Kc7 37. Re5 b6 38. axb6+ Kxb6 39. d5 cxd5 40. cxd5 Kc7
41. dxe6 Kd6 42. Rxf5 Rxe6 43. h4 Ke7 44. h5 Re2+ 45. Kh3 Rb2 46. Rf3 a5 47. g4
Ra2 48. h6 Ra3 49. h7 a4 50. h8=Q Rxb3 51. Rxb3 axb3 52. Qb2 Kf7 53. Qxb3+
{Black resigns} 1-0

[Event "Team 45 45 League T44"]
[Site "Internet Chess Club"]
[Date "2010.03.01"]
[Round "4"]
[White "gerailen0075"]
[Black "kidviper"]
[Result "0-1"]
[WhiteElo "1766"]
[BlackElo "1903"]
[Opening "Scandinavian (center counter) defense"]
[ECO "B01"]
[Time "13:31:25"]
[TimeControl "2700+45"]

1. e4 d5 2. exd5 Qxd5 3. Nc3 Qa5 4. d4 Nf6 5. Bc4 c6 6. Ne2 Bf5 7. O-O e6 8. Ng3
Bg6 9. f4 Be7 10. Qe2 Qc7 11. f5 exf5 12. Bf4 Qd8 13. Rae1 Ne4 14. Ncxe4 fxe4
15. h4 Bxh4 16. Nxe4 O-O 17. Bd6 Bxe1 18. Bxf7+ Rxf7 19. Qc4 Bh4 20. Bc5 Qd5
{White resigns} 0-1

[Event "Team 45 45 League T44"]
[Site "Internet Chess Club"]
[Date "2010.03.02"]
[Round "4"]
[White "Eyechess"]
[Black "BrandonBee"]
[Result "1-0"]
[WhiteElo "1632"]
[BlackElo "1481"]
[Opening "Sicilian: closed"]
[ECO "B23"]
[Time "16:26:49"]
[TimeControl "2700+45"]

1. e4 c5 2. Nc3 e6 3. g3 Nc6 4. Bg2 Nf6 5. d3 d6 6. h3 a6 7. Be3 b5 8. e5 Qb6 9.
exf6 d5 10. Bg5 h6 11. Qh5 g6 12. Qh4 Nd4 13. O-O-O Nf5 14. Qg4 hxg5 15. Nf3 b4
16. Na4 Qa5 17. b3 Bd7 18. d4 Bxa4 19. bxa4 c4 20. Rhe1 c3 21. Ne5 Qxa4 22. Kb1
Rb8 23. Nd3 b3 24. cxb3 Rxb3+ 25. axb3 Qxb3+ 26. Ka1 Qa4+ 27. Kb1 c2+ 28. Kc1
cxd1=Q+ 29. Qxd1 Ba3+ 30. Kd2 Qxd1+ 31. Kxd1 Nxd4 32. Bxd5 Kf8 33. Bg2 Bd6 34.
Re4 Nb5 35. Rc4 Kg8 36. Rc6 a5 37. Rb6 Nc3+ 38. Kd2 Bb4 39. Nxb4 axb4 40. Rxb4
Nd5 41. Rb8+ Kh7 42. Rxh8+ Kxh8 43. Bxd5 exd5 44. Kd3 Kg8 45. Kd4 Kf8 46. Kxd5
Ke8 47. Kd6 Kd8 48. g4 Ke8 49. Kc7 Kf8 50. Kd8 {Black resigns} 1-0

[Event "Team 45 45 League T44"]
[Site "Internet Chess Club"]
[Date "2010.03.01"]
[Round "4"]
[White "Helaman"]
[Black "kidcobra"]
[Result "1/2-1/2"]
[WhiteElo "1465"]
[BlackElo "1654"]
[Opening "Ruy Lopez: closed, 8.c3"]
[ECO "C89"]
[Time "13:30:10"]
[TimeControl "2700+45"]

1. e4 e5 2. Nf3 Nc6 3. Bb5 Be7 4. O-O a6 5. Ba4 Nf6 6. Re1 b5 7. Bb3 O-O 8. c3
Bb7 9. h3 h6 10. d3 d6 11. d4 Re8 12. Nbd2 Qd7 13. Bc2 Red8 14. Nf1 a5 15. d5
Na7 16. Ng3 c6 17. dxc6 Nxc6 18. Be3 Qc7 19. Qe2 Ba6 20. Bd3 Rab8 21. a4 Qb7 22.
Nf5 Bf8 23. Red1 Rd7 24. axb5 Bxb5 25. Bxb5 Qxb5 26. Qxb5 Rxb5 27. Nd2 d5 28.
exd5 Rbxd5 29. Kf1 Rb5 30. Nc4 Rdd5 31. Ke2 Bc5 32. Rxd5 Nxd5 33. Bxc5 Rxc5 34.
Nfd6 Nf4+ 35. Kf3 Nd3 36. Ke3 Nf4 37. Kf3 Nd5 38. Ke4 Nf6+ 39. Ke3 Kf8 40. Rd1
Nd5+ 41. Ke4 Nce7 42. Nxe5 Rc7 43. Rxd5 Nxd5 44. Kxd5 f6 45. Nec4 a4 46. Nb6 Ra7
47. Nb5 Re7 48. Nxa4 Re2 49. c4 Re8 50. Nd6 Rd8 51. Ke6 Ra8 52. b3 Ra6 53. Nc5
Ra8 54. Kd7 Rb8 55. Kc7 Ra8 56. Na4 Ra7+ 57. Nb7 Ra6 58. Nbc5 Ra7+ 59. Nb7 Ra6
60. Nbc5 Ra7+ 61. Nb7 Ra6 62. Nbc5 {Game drawn by repetition} 1/2-1/2

[Event "Team 45 45 League T44"]
[Site "Internet Chess Club"]
[Date "2010.02.28"]
[Round "4"]
[White "Skyler"]
[Black "blizzard13"]
[Result "0-1"]
[WhiteElo "1352"]
[BlackElo "1425"]
[Opening "Two knights defense"]
[ECO "C55"]
[Time "10:03:54"]
[TimeControl "2700+45"]

1. e4 e5 2. Nf3 Nc6 3. Bc4 Nf6 4. d4 d5 5. exd5 Nxd5 6. dxe5 Be6 7. O-O Be7 8.
Bd2 O-O 9. Nc3 a6 10. Nxd5 Bxd5 11. Bxd5 Qxd5 12. Bc3 Qc5 13. Re1 Rad8 14. Qe2
b5 15. a3 Rfe8 16. e6 f6 17. Rad1 a5 18. Nd2 Qf5 19. Nb3 b4 20. axb4 axb4 21.
Nd4 Nxd4 22. Bxd4 Bd6 23. Qc4 Kh8 24. e7 Rd7 25. Qd5 Qxd5 {White resigns} 0-1

[Event "Team 45 45 League T44"]
[Site "Internet Chess Club"]
[Date "2010.02.28"]
[Round "4"]
[White "zachi"]
[Black "Andressa"]
[Result "1-0"]
[WhiteElo "1935"]
[BlackElo "1550"]
[Opening "Ruy Lopez: old Steinitz defense"]
[ECO "C62"]
[Time "09:19:33"]
[TimeControl "2700+45"]

1. e4 e5 2. Nf3 Nc6 3. Bb5 d6 4. d4 a6 5. Bxc6+ bxc6 6. dxe5 d5 7. exd5 Qxd5 8.
Qxd5 cxd5 9. Nc3 Ne7 10. Bg5 Bb7 11. O-O-O h6 12. Bxe7 Bxe7 13. Nxd5 Bxd5 14.
Rxd5 O-O 15. c3 c6 16. Rd7 Bc5 17. Nd4 Rac8 18. e6 Bxd4 19. exf7+ Rxf7 20. Rxf7
Kxf7 21. cxd4 Rd8 22. Rd1 Ke6 23. Kc2 Rf8 24. f3 Kd5 25. Kd3 Rf4 26. Ke3 Rh4 27.
h3 a5 28. f4 g6 29. Rc1 g5 30. Rc5+ Kd6 31. fxg5 hxg5 32. Rxg5 {Black resigns}
1-0

[Event "Team 45 45 League T44"]
[Site "Internet Chess Club"]
[Date "2010.02.27"]
[Round "4"]
[White "KnightofMercy"]
[Black "AndersO"]
[Result "1/2-1/2"]
[WhiteElo "1669"]
[BlackElo "1462"]
[Opening "English, 1...Nf6 (Anglo-Indian defense)"]
[ECO "A15"]
[Time "16:00:35"]
[TimeControl "2700+45"]

1. c4 Nf6 2. g3 g6 3. Bg2 Bg7 4. Nc3 O-O 5. e4 d6 6. Nge2 c5 7. O-O Nc6 8. d4 a6
9. dxc5 dxc5 10. Be3 Nd7 11. Qd5 Qa5 12. a3 Nb6 13. Qxc5 Qxc5 14. Bxc5 Nxc4 15.
b4 Bg4 16. Ra2 Rfd8 17. Nd5 Bxe2 18. Rxe2 e6 19. Nb6 Nxb6 20. Bxb6 Rd3 21. Re3
Rxe3 22. Bxe3 Bb2 23. Bc1 Bxc1 24. Rxc1 Rd8 25. e5 Nxe5 26. Bxb7 Rd6 27. Rc8+
Kg7 28. Ra8 Nc4 29. Rxa6 Rxa6 30. Bxa6 Nxa3 31. Bd3 Kf6 32. b5 Ke5 33. b6 Kd6
34. Ba6 Kc6 35. b7 Kc7 36. h4 Nb1 37. Bb5 Nc3 38. Be8 f6 39. Bc6 Nd5 40. Bd7 e5
41. Bc6 Nb4 42. Be4 Na6 43. h5 f5 44. hxg6 hxg6 45. Bd5 g5 46. g4 fxg4 47. Kg2
Nc5 48. Kg3 Nxb7 49. Bxb7 Kxb7 50. Kxg4 Kc6 51. Kxg5 Kd5 {Game drawn by mutual
agreement} 1/2-1/2

[Event "Team 45 45 League T44"]
[Site "Internet Chess Club"]
[Date "2010.02.27"]
[Round "4"]
[White "Kingangyal"]
[Black "Juan73"]
[Result "1-0"]
[WhiteElo "1460"]
[BlackElo "1616"]
[Opening "Queen's pawn, Mason variation"]
[ECO "D00"]
[Time "20:08:18"]
[TimeControl "2700+45"]

1. d4 d5 2. Bf4 Nc6 3. e3 Nf6 4. Nf3 Bg4 5. h3 Bh5 6. c4 e6 7. Nc3 Bb4 8. Rc1
Ne4 9. a3 Nxc3 10. bxc3 Bxa3 11. Rb1 Bd6 12. Bxd6 Qxd6 13. c5 Qe7 14. Rxb7 O-O
15. Be2 Rfb8 16. Rxb8+ Rxb8 17. O-O Bg6 18. Qa4 Qe8 19. Nh4 Be4 20. Nf3 f6 21.
Nd2 Bf5 22. Ra1 e5 23. Bb5 Bc2 24. Bxc6 Bxa4 25. Bxe8 Bxe8 26. Rxa7 e4 27. Rxc7
Rb2 28. Nf1 Rb1 29. Rc8 Kf7 30. c6 Rc1 31. Rc7+ Kf8 32. f3 f5 33. fxe4 fxe4 34.
Rc8 Rxc3 35. c7 Ke7 36. Ng3 g6 37. Kf2 h5 38. Ra8 Rxc7 39. Ra6 Rc2+ 40. Ne2
Rxe2+ 41. Kg3 Rxe3+ 42. Kf4 Rd3 43. Ke5 Bf7 44. Ra7+ Kf8 45. Kf6 Be8 46. Rh7 Kg8
47. Rg7+ Kh8 48. Re7 Ba4 49. Ra7 Rg3 50. Ra8+ Kh7 51. Rxa4 Rxg2 52. Ra8 Rf2+ 53.
Ke6 Rf5 54. Ra2 Kh6 55. h4 Rf4 56. Kxd5 Rxh4 57. Re2 Kg5 58. Ke5 Kh6 59. d5 Kg7
60. d6 Rh1 61. Rxe4 Kf7 62. Kd5 Rd1+ 63. Kc6 Kf6 64. d7 g5 65. Re8 h4 66. d8=Q+
Rxd8 67. Rxd8 g4 68. Kd5 Kf5 69. Rf8+ Kg5 70. Ke4 g3 71. Rg8+ Kh5 72. Kf3 Kh6
73. Kg4 Kh7 74. Rg5 {Black resigns} 1-0

[Event "Team 45 45 League T44"]
[Site "Internet Chess Club"]
[Date "2010.02.28"]
[Round "4"]
[White "arriero55"]
[Black "kingsrook"]
[Result "1-0"]
[WhiteElo "1481"]
[BlackElo "1335"]
[Opening "Caro-Kann: advance variation"]
[ECO "B12"]
[Time "17:00:25"]
[TimeControl "2700+45"]

1. e4 c6 2. d4 d5 3. e5 c5 4. Nf3 Bg4 5. c3 e6 6. a3 a6 7. dxc5 Bxc5 8. Qa4+ Nc6
9. Qxg4 g6 10. b4 Bb6 11. Qf4 f5 12. c4 Nge7 13. Nc3 Qd7 14. Be2 d4 15. Na4 Ba7
16. Nb2 O-O-O 17. Nd3 Qc7 18. Bb2 Kb8 19. Rc1 h6 20. h4 Qd7 21. Qd2 Ka8 22. b5
axb5 23. cxb5 Nb8 24. Qa5 b6 25. Qa4 Qb7 26. Nxd4 Qxg2 27. Bf3+ {Black resigns}
1-0

[Event "Team 45 45 League T44"]
[Site "Internet Chess Club"]
[Date "2010.02.28"]
[Round "4"]
[White "chiiwen"]
[Black "Campagnolo"]
[Result "1/2-1/2"]
[WhiteElo "2156"]
[BlackElo "2058"]
[Opening "Ruy Lopez: closed, Flohr-Zaitsev system (Lenzerheide variation)"]
[ECO "C92"]
[Time "21:00:58"]
[TimeControl "2700+45"]

1. e4 e5 2. Nf3 Nc6 3. Bb5 a6 4. Ba4 Nf6 5. O-O Be7 6. Re1 b5 7. Bb3 d6 8. c3
O-O 9. h3 Bb7 10. d4 Re8 11. Ng5 Rf8 12. Nf3 Re8 13. Nbd2 Bf8 14. d5 Nb8 15. Nf1
Nbd7 16. Ng3 Nc5 17. Bc2 c6 18. dxc6 Bxc6 19. b4 Ne6 20. Nf5 Qc7 21. Ng5 h6 22.
Nxe6 fxe6 23. Ng3 Rac8 24. Bd2 d5 25. Rc1 Red8 {Game drawn by mutual agreement}
1/2-1/2

[Event "Team 45 45 League T44"]
[Site "Internet Chess Club"]
[Date "2010.03.01"]
[Round "4"]
[White "nosalt"]
[Black "martineden"]
[Result "1-0"]
[WhiteElo "2058"]
[BlackElo "1930"]
[Opening "Pirc defense"]
[ECO "B07"]
[Time "12:40:07"]
[TimeControl "2700+45"]

1. e4 d6 2. d4 Nf6 3. Nc3 g6 4. f3 Bg7 5. Be3 b6 6. Qd2 c5 7. Nge2 O-O 8. Bh6
Bxh6 9. Qxh6 cxd4 10. Nxd4 Bb7 11. O-O-O Nc6 12. Nxc6 Bxc6 13. e5 Nh5 14. exd6
exd6 15. Qd2 Ng7 16. Qxd6 Qe8 17. Bc4 Rd8 18. Qxd8 Qe3+ 19. Qd2 {Black resigns}
1-0

[Event "Team 45 45 League T44"]
[Site "Internet Chess Club"]
[Date "2010.03.07"]
[Round "4"]
[White "chess9793"]
[Black "Holm"]
[Result "1/2-1/2"]
[WhiteElo "1949"]
[BlackElo "1897"]
[Opening "Ruy Lopez: closed, 7...O-O"]
[ECO "C88"]
[Time "16:00:13"]
[TimeControl "2700+45"]

1. e4 e5 2. Nf3 Nc6 3. Bb5 a6 4. Ba4 Nf6 5. O-O Be7 6. Re1 b5 7. Bb3 O-O 8. h3
Bb7 9. d3 d6 10. a3 Nb8 11. Nbd2 c5 12. Nf1 Kh8 13. Ng3 Qe8 14. Nf5 g6 15. Nxe7
Qxe7 16. Bh6 Rc8 17. c4 Ng8 18. Be3 Nd7 19. a4 b4 20. g4 a5 21. Kg2 Nf8 22. Rh1
Ne6 23. Qd2 f6 24. Rag1 Rf8 25. Nh2 Rf7 26. Bd1 f5 27. f3 fxe4 28. dxe4 Raf8 29.
Be2 Nf4+ 30. Bxf4 Rxf4 31. Rd1 Rd8 32. Nf1 Qh4 33. Ng3 Ne7 34. Rdf1 Rd7 35. Bd1
Nc6 36. Ne2 Rf6 37. Qe1 Qg5 38. h4 Qe3 39. h5 g5 40. Ng3 Qxe1 41. Rxe1 Nd4 42.
Nf5 h6 {Game drawn by mutual agreement} 1/2-1/2

[Event "Team 45 45 League T44"]
[Site "Internet Chess Club"]
[Date "2010.02.28"]
[Round "4"]
[White "ivanson"]
[Black "giltar"]
[Result "1/2-1/2"]
[WhiteElo "1842"]
[BlackElo "1876"]
[Opening "Caro-Kann: classical, Spassky variation"]
[ECO "B19"]
[Time "14:00:48"]
[TimeControl "2700+45"]

1. e4 c6 2. d4 d5 3. Nc3 dxe4 4. Nxe4 Bf5 5. Ng3 Bg6 6. h4 h6 7. Nf3 Nd7 8. h5
Bh7 9. Bd3 Bxd3 10. Qxd3 e6 11. Bf4 Qa5+ 12. Bd2 Bb4 13. c3 Be7 14. c4 Qc7 15.
O-O-O Ngf6 16. Ne4 Rd8 17. Kb1 c5 18. Bc3 cxd4 19. Nxf6+ Nxf6 20. Bxd4 O-O 21.
Qe2 a6 22. Ne5 Bc5 23. Bc3 Qb6 24. f4 Bd4 25. Rd3 Bxc3 26. Rxc3 Qd4 27. g3 Qe4+
28. Qxe4 Nxe4 29. Re3 Rd4 30. b3 Rfd8 31. Rhe1 Nf6 32. Nf3 Rd3 33. Kc2 Rxe3 34.
Rxe3 Nxh5 35. Ne5 g5 36. fxg5 hxg5 37. Rf3 f5 38. c5 Nf6 39. b4 Ne4 40. a4 a5
41. b5 Nxc5 42. Nc4 Nxa4 43. Nxa5 Nc5 44. Rc3 Rd5 45. b6 Kf7 46. Nxb7 Nxb7 47.
Rc7+ Kf6 48. Rxb7 Rb5 49. Rb8 Ke5 50. b7 f4 51. gxf4+ gxf4 52. Kd2 Ke4 53. Re8
Rb2+ 54. Ke1 Rxb7 55. Rxe6+ Kf5 56. Ra6 Kg4 57. Kf2 Rb2+ 58. Kf1 Kg3 59. Rg6+
Kf3 60. Kg1 Rb1+ 61. Kh2 Ke3 62. Re6+ Kf2 63. Rf6 f3 64. Kh3 Rh1+ 65. Kg4 Rg1+
66. Kh3 Kf1 67. Rxf3+ {Game drawn by mutual agreement} 1/2-1/2

[Event "Team 45 45 League T44"]
[Site "Internet Chess Club"]
[Date "2010.02.25"]
[Round "4"]
[White "vazir"]
[Black "Folgers"]
[Result "1-0"]
[WhiteElo "1919"]
[BlackElo "1964"]
[Opening "KP: Nimzovich defense"]
[ECO "B00"]
[Time "21:30:13"]
[TimeControl "2700+45"]

1. e4 Nc6 2. d4 e5 3. dxe5 Nxe5 4. f4 Nc6 5. Be3 Bb4+ 6. c3 Ba5 7. Nf3 Bb6 8.
Qd2 d6 9. Na3 Nf6 10. Bd3 O-O 11. O-O-O Re8 12. Bxb6 axb6 13. Rhe1 Be6 14. Kb1
h6 15. h3 Ra5 16. g4 Nh7 17. e5 d5 18. f5 Bc8 19. f6 g5 20. Bxh7+ Kxh7 21. Nxg5+
Kg8 22. Nf3 Kh7 23. Ng5+ Kg8 24. Nf3 Kh7 25. Qc2+ Kh8 26. g5 Rg8 27. gxh6 Qf8
28. h7 Rg6 29. Rg1 Kxh7 30. Ng5+ Kh6 31. Qd2 Kh5 32. Qe2+ Kh6 33. Qe3 Kh5 34.
Qf3+ Kh6 35. Qf4 Kh5 36. Rg4 Rh6 37. Rh4+ Kg6 38. Rg1 Rxh4 39. Ne6+ {Black
resigns} 1-0

[Event "Team 45 45 League T44"]
[Site "Internet Chess Club"]
[Date "2010.02.24"]
[Round "4"]
[White "Cryptochess"]
[Black "vasek"]
[Result "1-0"]
[WhiteElo "2004"]
[BlackElo "1858"]
[Opening "Benkö gambit accepted"]
[ECO "A58"]
[Time "19:34:55"]
[TimeControl "2700+45"]

1. d4 Nf6 2. c4 c5 3. d5 b5 4. cxb5 a6 5. bxa6 Bxa6 6. g3 d6 7. Bg2 g6 8. Nc3
Bg7 9. e4 O-O 10. Nge2 Nbd7 11. O-O c4 12. Be3 Ne5 13. Nc1 Nd3 14. Nxd3 cxd3 15.
Qd2 Nd7 16. f4 Nb6 17. b3 Rc8 18. Rac1 Nd7 19. Na4 Rxc1 20. Rxc1 Qb8 21. Qa5 Bb5
22. Bf1 Nf6 23. Nb6 d2 24. Qxd2 Nxe4 25. Qc2 Bxf1 26. Qxe4 Bh3 27. a4 Bf5 28.
Qb4 Bb2 29. Rc6 Bg7 30. Qc4 Rd8 31. a5 e5 32. a6 exf4 33. Bxf4 Be5 34. Bxe5 dxe5
35. g4 Bb1 36. Qc5 Bd3 37. d6 Bxa6 38. d7 e4 39. Rc8 Qf4 40. Rxd8+ Kg7 41. Qf8+
Kf6 42. Nd5+ {Black resigns} 1-0

[Event "Team 45 45 League T44"]
[Site "Internet Chess Club"]
[Date "2010.03.02"]
[Round "4"]
[White "avila"]
[Black "LucaTrapani"]
[Result "1-0"]
[WhiteElo "1761"]
[BlackElo "1905"]
[Opening "French: advance, Paulsen attack"]
[ECO "C02"]
[Time "18:57:29"]
[TimeControl "2700+45"]

1. e4 e6 2. d4 d5 3. e5 c5 4. c3 Nc6 5. Nf3 Qb6 6. a3 c4 7. Be2 Bd7 8. O-O Na5
9. Nbd2 Ne7 10. Nh4 g5 11. Nhf3 h6 12. Rb1 Nb3 13. Nxb3 cxb3 14. Be3 Nf5 15. Nd2
Ba4 16. g4 Nxe3 17. fxe3 Rc8 18. Rc1 Qc6 19. Nb1 b5 20. Bf3 a5 21. Qd3 b4 22.
axb4 axb4 23. c4 Qa6 24. Be2 dxc4 25. Rxc4 Rxc4 26. Qxc4 Qb7 27. Bf3 Bb5 28.
Qxb3 Qc7 29. Re1 Be7 30. Nc3 Bc6 31. Ne4 Bxe4 32. Bxe4 O-O 33. Bb1 f5 34. Qxe6+
Kg7 35. Bxf5 {Black resigns} 1-0

[Event "Team 45 45 League T44"]
[Site "Internet Chess Club"]
[Date "2010.02.27"]
[Round "4"]
[White "mickeys"]
[Black "soccerisfun"]
[Result "1-0"]
[WhiteElo "1883"]
[BlackElo "1591"]
[Opening "Queen's pawn game"]
[ECO "D02"]
[Time "17:00:14"]
[TimeControl "2700+45"]

1. d4 d5 2. Nf3 Bf5 3. c4 e6 4. Nc3 Nf6 5. Qb3 b6 6. Bg5 c6 7. cxd5 cxd5 8. e4
dxe4 9. Bb5+ Ke7 10. Ne5 Qc7 11. Nd5+ exd5 12. Qxd5 Be6 13. Qxa8 h6 14. Bxf6+
gxf6 15. Nc6+ Nxc6 16. Qxc6 Qxc6 17. Bxc6 f5 18. d5 Bd7 19. O-O-O Bg7 20. d6+
Kd8 21. Bxd7 Kxd7 22. Rd5 Rc8+ 23. Kb1 Rc5 24. Rhd1 Be5 25. Rxc5 bxc5 26. Rd5
Bxd6 27. Rxf5 Ke6 28. Rh5 Bf8 29. Kc2 f5 30. h3 Bg7 31. f4 Kf6 32. g4 Ke6 33.
Rxf5 e3 34. Kd3 Bd4 35. Ke2 a5 36. Rh5 a4 37. Rxh6+ Kd5 38. Ra6 Ke4 39. f5 Kf4
40. f6 Kg3 41. f7 Bg7 42. Ra8 Kxh3 43. f8=Q Bxf8 44. Rxf8 a3 45. b3 c4 46. bxc4
Kxg4 47. c5 {Black resigns} 1-0

[Event "Team 45 45 League T44"]
[Site "Internet Chess Club"]
[Date "2010.02.27"]
[Round "4"]
[White "wbanks"]
[Black "CREDITorDEBIT"]
[Result "1-0"]
[WhiteElo "1610"]
[BlackElo "1692"]
[Opening "Sicilian: dragon, Yugoslav attack"]
[ECO "B75"]
[Time "17:00:35"]
[TimeControl "2700+45"]

1. e4 c5 2. Nf3 d6 3. d4 cxd4 4. Nxd4 Nf6 5. Nc3 g6 6. Be3 Bg7 7. f3 Nc6 8. Qd2
Bd7 9. O-O-O Rc8 10. Kb1 O-O 11. Bh6 Ne5 12. Bxg7 Kxg7 13. h4 h5 14. Be2 Nc4 15.
Bxc4 Rxc4 16. g4 hxg4 17. h5 Rh8 18. hxg6 fxg6 19. f4 e5 20. fxe5 dxe5 21. Nde2
Qe7 22. Rxh8 Kxh8 23. Rh1+ Kg8 24. Nd5 Nxd5 25. Qxd5+ Qe6 26. Qxb7 Qc6 27. Qb8+
Kf7 28. Qxe5 Qe6 29. Rh7+ Kf8 30. Qg7+ {Black resigns} 1-0

[Event "Team 45 45 League T44"]
[Site "Internet Chess Club"]
[Date "2010.03.01"]
[Round "4"]
[White "SacMan"]
[Black "Karpool"]
[Result "1-0"]
[WhiteElo "1739"]
[BlackElo "1695"]
[Opening "English: Anglo-Dutch defense"]
[ECO "A10"]
[Time "15:00:42"]
[TimeControl "2700+45"]

1. c4 f5 2. e4 fxe4 3. d3 exd3 4. Bxd3 Nf6 5. g4 g6 6. h4 d6 7. g5 Nh5 8. Qc2
Be6 9. Nc3 Nc6 10. Nge2 Qd7 11. a3 Bg7 12. Be3 Rf8 13. O-O-O O-O-O 14. Nb5 Kb8
15. Qa4 a6 16. Nec3 Nf4 17. Be4 Bxc3 18. Nxc3 Ne5 19. Qb4 Nc6 20. Qa4 Ne5 21.
Qb4 c6 22. c5 d5 23. Qd4 Nc4 24. Bd3 Nxd3+ 25. Rxd3 Bf5 26. Rdd1 e5 27. Qxc4
dxc4 28. Rxd7 Rxd7 29. Rd1 Rfd8 30. Rxd7 Rxd7 31. Ne2 Kc7 32. Ng3 Bd3 33. Kd2
Rf7 34. h5 Rd7 35. h6 Be4+ 36. Kc3 Bd5 37. Nf1 Rf7 38. Nd2 Kd7 39. Nf1 Ke6 40.
Ng3 Rf3 41. Kd2 Rf8 42. Kc3 Rf7 43. Kd2 Kd7 44. Kc3 Kc7 45. Ne2 Kb8 46. Ng3 Ka7
47. Nf1 Rf3 48. Ng3 a5 49. Kd2 Ka6 50. Kc3 {Black forfeits on time} 1-0

[Event "Team 45 45 League T44"]
[Site "Internet Chess Club"]
[Date "2010.02.26"]
[Round "4"]
[White "viking99"]
[Black "Sprawl"]
[Result "1-0"]
[WhiteElo "1829"]
[BlackElo "2097"]
[Opening "Ruy Lopez: exchange variation, Alapin gambit"]
[ECO "C68"]
[Time "21:00:17"]
[TimeControl "2700+45"]

1. e4 e5 2. Nf3 Nc6 3. Bb5 a6 4. Bxc6 dxc6 5. O-O Bg4 6. h3 h5 7. d3 Qf6 8. Be3
Ne7 9. Nbd2 Ng6 10. Re1 Nh4 11. hxg4 hxg4 12. Nh2 Nxg2 13. Kxg2 Qh4 14. Qxg4
Qxh2+ 15. Kf1 Rd8 16. Nf3 Qh7 17. Ke2 f6 18. Rh1 Qxh1 19. Rxh1 Rxh1 20. Qe6+ Be7
{Black resigns} 1-0

[Event "Team 45 45 League T44"]
[Site "Internet Chess Club"]
[Date "2010.02.27"]
[Round "4"]
[White "AntonioMendonca"]
[Black "Rookmaster"]
[Result "1-0"]
[WhiteElo "1726"]
[BlackElo "1765"]
[Opening "Vienna game"]
[ECO "C26"]
[Time "05:11:04"]
[TimeControl "2700+45"]

1. e4 e5 2. Bc4 Nf6 3. Nc3 Bc5 4. d3 O-O 5. Nf3 c6 6. Nxe5 d5 7. exd5 cxd5 8. d4
dxc4 9. dxc5 Qxd1+ 10. Kxd1 Rd8+ 11. Bd2 Be6 12. Ke2 Nbd7 13. Nxd7 Rxd7 14. Bg5
Re8 15. Rhe1 Rde7 16. Bxf6 gxf6 17. Kf1 Bf5 18. Rxe7 Rxe7 19. Rc1 Rd7 20. Ke1
Re7+ 21. Kd2 Rd7+ 22. Ke3 Re7+ 23. Kf4 Bg6 24. f3 Rd7 25. Ne4 Bxe4 26. fxe4 Rd2
27. Kf3 Kf8 28. b4 cxb3 29. axb3 f5 30. exf5 Rd5 31. c6 Rxf5+ 32. Ke4 Rc5 33.
cxb7 Rb5 34. Rd1 Ke7 35. Rd5 Rxb7 36. Rd4 Rc7 37. c4 Rb7 38. Rd3 Rb6 39. c5 Rb4+
40. Kd5 Kd7 41. c6+ Kc7 42. Kc5 Rf4 43. b4 a6 44. Rf3 Re4 45. Rxf7+ Kc8 46. Rxh7
Rg4 47. g3 Re4 48. Rh4 Re5+ 49. Kb6 Re8 50. Kxa6 Kc7 51. Rh7+ Kxc6 52. b5+ Kc5
53. b6 Re3 54. Kb7 Rb3 55. Rh6 Rf3 56. Rc6+ Kb5 57. Rd6 Rf2 58. h4 Rf7+ 59. Kc8
Rf3 60. b7 Rc3+ 61. Kd8 Rb3 62. b8=Q+ Ka5 63. Ra6+ Kxa6 64. Qxb3 {Black resigns}
1-0

[Event "Team 45 45 League T44"]
[Site "Internet Chess Club"]
[Date "2010.02.28"]
[Round "4"]
[White "Salvatore"]
[Black "Giacometti"]
[Result "1-0"]
[WhiteElo "1672"]
[BlackElo "1688"]
[Opening "Dutch"]
[ECO "A80"]
[Time "21:02:51"]
[TimeControl "2700+45"]

1. d4 f5 2. Nf3 Nf6 3. Bg5 e6 4. Nbd2 Be7 5. Bxf6 Bxf6 6. e4 fxe4 7. Nxe4 O-O 8.
Bd3 b6 9. Qe2 Nc6 10. c3 Bb7 11. O-O-O a5 12. g4 a4 13. g5 Be7 14. h4 a3 15. b3
Na5 16. h5 Nxb3+ 17. axb3 a2 18. Kd2 Rxf3 19. Qxf3 Bxg5+ 20. Ke2 Qe7 21. Nf6+
Qxf6 22. Qxb7 Rf8 23. Rhf1 Qf4 24. Qe4 a1=Q 25. Qxh7+ Kf7 26. Bg6+ Ke7 27. Qxg7+
Kd6 28. Qe5+ Ke7 29. Qxf4 Qxc3 30. Qxg5+ Rf6 31. Rd3 Qc2+ 32. Qd2 Qc6 33. d5
exd5 34. Rxd5 Qe6+ 35. Kd1 Qg4+ 36. Qe2+ Qxe2+ 37. Kxe2 {Black resigns} 1-0

[Event "Team 45 45 League T44"]
[Site "Internet Chess Club"]
[Date "2010.03.01"]
[Round "4"]
[White "DanMcClintic"]
[Black "DaveTheRook"]
[Result "0-1"]
[WhiteElo "1636"]
[BlackElo "1695"]
[Opening "King's gambit"]
[ECO "C30"]
[Time "19:00:13"]
[TimeControl "2700+45"]

1. e4 e5 2. f4 d6 3. Bc4 Nf6 4. d3 Be7 5. h3 exf4 6. Bxf4 Be6 7. Nd2 Nc6 8. Ngf3
Qd7 9. Qe2 Bxc4 10. Nxc4 O-O 11. O-O-O Rfe8 12. g4 g6 13. Qg2 Bf8 14. Rhf1 Bg7
15. c3 b5 16. Ne3 b4 17. Kc2 bxc3 18. bxc3 Na5 19. Ra1 Rab8 20. Rfb1 Qa4+ 21.
Kd2 Rxb1 {White resigns} 0-1

[Event "Team 45 45 League T44"]
[Site "Internet Chess Club"]
[Date "2010.02.25"]
[Round "4"]
[White "smsxman"]
[Black "Nosaj"]
[Result "1-0"]
[WhiteElo "1501"]
[BlackElo "1377"]
[Opening "Four knights: Italian variation"]
[ECO "C47"]
[Time "20:00:04"]
[TimeControl "2700+45"]

1. e4 e5 2. Nf3 Nc6 3. Nc3 Nf6 4. Bc4 Bb4 5. d3 d6 6. O-O Bg4 7. h3 Bh5 8. Nd5
Nxd5 9. exd5 Nd4 10. c3 Nxf3+ 11. gxf3 O-O 12. cxb4 Qf6 13. Kg2 Qg6+ 14. Kh2 Qf6
15. Kg2 Qg6+ 16. Kh2 f5 17. d4 e4 18. Rg1 Qf6 19. Be2 f4 20. fxe4 f3 21. Bd3 g6
22. Bg5 Qxd4 23. Qd2 Qe5+ 24. Rg3 Qg7 25. Bh6 Qe5 26. Bxf8 Rxf8 27. Rg1 Kg7 28.
Qc3 Qxc3 29. bxc3 Kh8 30. c4 Rg8 31. Bc2 h6 32. Bd1 g5 33. Bxf3 Bxf3 34. Rxf3 h5
35. Rf7 h4 36. Rxc7 a6 37. Rxb7 a5 38. b5 a4 39. a3 g4 40. hxg4 h3 41. f3 Rf8
42. Rg3 Re8 43. Rxh3+ Kg8 44. Kg3 Rf8 45. Rhh7 Re8 46. Rbg7+ Kf8 47. Kh4 Rd8 48.
Kg5 Re8 49. Kg6 Re6+ 50. dxe6 d5 51. Rh8# {Black checkmated} 1-0

[Event "Team 45 45 League T44"]
[Site "Internet Chess Club"]
[Date "2010.02.25"]
[Round "4"]
[White "OneMissAllie"]
[Black "DrOMM"]
[Result "1-0"]
[WhiteElo "1304"]
[BlackElo "1306"]
[Opening "QGD: Marshall defense"]
[ECO "D06"]
[Time "16:00:15"]
[TimeControl "2700+45"]

1. d4 d5 2. c4 Nf6 3. e3 Nc6 4. Nc3 e5 5. Nf3 exd4 6. exd4 Be7 7. Bd3 Be6 8. b3
O-O 9. Qc2 h6 10. O-O Bg4 11. Ne5 Nb4 12. Qd2 Be6 13. Rd1 c6 14. Qe3 dxc4 15.
bxc4 Qc8 16. Qg3 Kh8 17. Qh4 Nxd3 18. Rxd3 Qc7 19. Rg3 Bf5 20. Bxh6 gxh6 21.
Qxh6+ Nh7 22. Qg7# {Black checkmated} 1-0